 Dungeon Crawl Stone Soup version 0.19-a0-76-g295c512 (webtiles) character file.

32 wvc the Caller (level 2, -1/25 HPs)
             Began as a Demigod Wanderer on May 12, 2016.
             Slain by an adder (5 damage)
             ... on level 2 of the Dungeon.
             The game lasted 00:02:07 (1013 turns).

wvc the Caller (Demigod Wanderer)                   Turns: 1013, Time: 00:02:07

Health: -1/25      AC:  4    Str: 16    XL:     2   Next: 93%
Magic:  5/6        EV: 11    Int: 15    God:
Gold:   130        SH:  0    Dex: 15    Spells: 2 memorised, 1 level left

rFire  . . .     SeeInvis .     b - +0 spear
rCold  . . .     Gourm    .     d - +0 robe
rNeg   . . .     Faith    .     (no shield)
rPois  .         Spirit   .     (no helmet)
rElec  .         Dismiss  .     (no cloak)
rCorr  .         Reflect  .     p - +1 pair of gloves
SustAt +         Harm     .     (no boots)
MR     .....                    (no amulet)
Stlth  +.........               (no ring)
                                (no ring)

@: lethally poisoned (-1 -> -9), not resistant to hostile enchantments, very
unstealthy
A: high mp 1, sustain attributes
a: no special abilities


You were on level 2 of the Dungeon.
You were not hungry.

You visited 1 branch of the dungeon, and saw 2 of its levels.

You collected 130 gold pieces.

Inventory:

Hand Weapons
 b - a +0 spear (weapon)
 o - a +1 dagger of venom
Missiles
 g - 5 tomahawks (quivered)
 j - 16 poisoned needles
Armour
 d - a +0 robe (worn)
 p - a +1 pair of gloves (worn)
 s - a +2 cloak
Scrolls
 e - 4 scrolls of identify {unknown}
 h - a scroll of magic mapping {unknown}
 i - a scroll of teleportation {unknown}
 k - a scroll of recharging {unknown}
 l - 4 scrolls of remove curse {unknown}
 m - a scroll of enchant armour {unknown}
Potions
 n - a potion of curing {unknown}
 q - 2 potions of heal wounds {unknown}
Books
 a - a book of Spatial Translocations

   Spells                             Type                      Level
   a - Apportation                    Translocation                1
   b - Blink                          Translocation                2
   c - Shroud of Golubria             Charms/Translocation         2
   d - Portal Projectile              Translocation                3
   e - Teleport Other                 Translocation                3
   f - Passage of Golubria            Translocation                4
 c - the Disquisition on Creation

   Spells                             Type                      Level
   a - Summon Small Mammal            Summoning                    1
   b - Call Canine Familiar           Summoning                    3
Comestibles
 f - a bread ration
 r - 2 meat rations


   Skills:
 - Level 2.6 Fighting
 * Level 1.7 Polearms
 - Level 1.7 Throwing
 + Level 0.5 Dodging
 + Level 1.4 Spellcasting
 - Level 2.8 Summonings
 + Level 1.0 Translocations


You had one spell level left.
You knew the following spells:

 Your Spells              Type           Power        Failure   Level  Hunger
a - Apportation           Tloc           #.........   17%         1    ##.....
b - Summon Small Mammal   Summ           #...         10%         1    ##.....


Dungeon Overview and Level Annotations

Branches:
Dungeon (2/15)


Innate Abilities, Weirdness & Mutations

You have an increased reservoir of magic (+10% MP).
Your attributes are resistant to harm.


Message History

You barely miss the adder.
The adder is lightly wounded.
You feel sick. The adder barely misses you.
Your rat bites the adder.
The adder closely misses you.
You hit the adder.
The adder is severely wounded.
The adder bites you.
* * * LOW HITPOINT WARNING * * *
You are more poisoned.
The adder poisons you!
Your rat bites the adder.
You closely miss the adder.
The adder is almost dead.
* * * LOW HITPOINT WARNING * * *
You feel sick. The adder bites you but does no damage.
Your rat misses the adder. You completely miss the adder.
The adder is almost dead.
* * * LOW HITPOINT WARNING * * *
You feel sick. The adder bites you.
You die...

##....................#
#######.###...........
#.#.##........#.#.
#.................
#.#.##........#.#.
#.#.###+#+#....... ##
#### #.# #.#.#....... ..
.....#.###.#.#.....## ..
...........@r......... .
.....##.###S###.....## #
.....+..# #.###...... ...
.##.# #......... .. .##.#
#......... . .##.#
#....(.... ### #+##.##.#
#.........
..####..#.##.###.....##..
#....................# #


You could see an adder and a friendly rat.

Vanquished Creatures
  3 dart slugs (D:2)
  A giant gecko (D:1)
  2 bats
  2 giant cockroaches (D:1)
  2 goblins
  3 hobgoblins
  2 kobolds (D:1)
  2 giant newts
  4 rats
21 creatures vanquished.

Vanquished Creatures (collateral kills)
  A worm (D:2)
  A goblin (D:2)
2 creatures vanquished.

Grand Total: 23 creatures vanquished

Notes
Turn   | Place    | Note
--------------------------------------------------------------
     0 | D:1      | wvc the Demigod Wanderer began the quest for the Orb.
     0 | D:1      | wvc set off with: a book of Spatial Translocations, a +0 spear, the Disquisition on Creation, a +0 robe, a bread ration
     0 | D:1      | Reached XP level 1. HP: 18/18 MP: 4/4
     0 | D:1      | Identified the Disquisition on Creation
     2 | D:1      | Learned a level 1 spell: Apportation
    25 | D:1      | Learned a level 1 spell: Summon Small Mammal
   110 | D:1      | Reached skill level 1 in Polearms
   285 | D:1      | Reached XP level 2. HP: 25/25 MP: 6/6
   848 | D:2      | Found a basalt altar of Yredelemnul.
  1013 | D:2      | Slain by an adder

Vault maps used:
D:1:      minmay_arrival_solitary_statue
D:2:      nicolae_overflow_crystal_walls, glass_columns_a

Skill      XL: |  1 |
---------------+----+-----
Polearms       | 1 |  1.7
Fighting       | |  2.6
Throwing       | |  1.7
Dodging        | |  0.5
Spellcasting   | |  1.4
Summonings     | |  2.8
Translocations | |  1.0

Action                   || total
-------------------------++-------
Melee: Spear             ||    63
 Cast: Summon Small Mamm ||     5
 Stab: Sleeping          ||     4
Armor: Robe              ||     9
Dodge: Dodged            ||    29
